 Dungeon Crawl Stone Soup version 0.22.0-76-g6cd1571672 (webtiles) character file.

142 Freyura the Shield-Bearer (level 5, -2/42 HPs)
             Began as a Formicid Fighter on Sept 15, 2018.
             Was an Initiate of Dithmenos.
             Slain by an orc
             ... wielding a +0 short sword
              (3 damage)
             ... on level 3 of the Dungeon.
             The game lasted 00:06:02 (1628 turns).

Freyura the Shield-Bearer (Formicid Fighter)        Turns: 1628, Time: 00:06:02

Health: -2/42      AC:  7    Str: 25    XL:     5   Next: 49%
Magic:  5/5        EV:  8    Int:  8    God:    Dithmenos [......]
Gold:   80         SH: 10    Dex: 13    Spells: 4/4 levels left

rFire    . . .     SeeInvis +   a - +0 quarterstaff
rCold    . . .     Gourm    .   c - +0 shield
rNeg     . . .     Faith    .   b - +0 scale mail
rPois    .         Spirit   .   (helmet unavailable)
rElec    .         Reflect  .   (no cloak)
rCorr    .         Harm     .   (no gloves)
MR       ++...                  (no boots)
Stlth    ..........             (no amulet)
HPRegen  0.14/turn              (no ring)
MPRegen  0.09/turn              (no ring)

@: mighty
A: permanent stasis, dig shafts and tunnels, four strong arms, antennae 3, agile
1, magic resistance 2
a: Dig, Shaft Self, Renounce Religion


You were on level 3 of the Dungeon.
You worshipped Dithmenos.
Dithmenos was noncommittal.
You were full.

You visited 1 branch of the dungeon, and saw 3 of its levels.

You collected 80 gold pieces.

Inventory:

Hand Weapons
 a - a +0 quarterstaff (weapon)
Armour
 b - a +0 scale mail (worn)
 c - a +0 shield (worn)
Jewellery
 h - an uncursed amulet of magic regeneration
Wands
 m - a wand of flame (33)
 n - a wand of acid (8)
Scrolls
 g - 3 scrolls of remove curse
 i - 2 scrolls of identify
 l - a scroll of amnesia
 o - a scroll of teleportation {unknown}
 p - a scroll of blinking {unknown}
Potions
 e - 2 potions of curing
 j - 2 potions of agility
 k - 2 potions of magic
Comestibles
 f - 6 rations


   Skills:
 + Level 3.9 Fighting
 + Level 2.9 Staves
 - Level 4.0 Armour
 + Level 0.6 Dodging
 + Level 1.3 Stealth
 + Level 4.8 Shields
 + Level 0.6 Invocations


You had 4 spell levels left.
You didn't know any spells.
Your spell library was empty.

Dungeon Overview and Level Annotations

Branches:
Dungeon (3/15)

Altars:
Dithmenos
Fedhas
Gozag
Kikubaaqudgha
Makhleb
Nemelex Xobeh
Ru
Trog
Vehumet
Xom


Innate Abilities, Weirdness & Mutations

You cannot be hasted, slowed, berserked, paralysed or teleported.
You can dig through walls and to a lower floor.
Your four strong arms can wield two-handed weapons with a shield.
You have a pair of large antennae on your head. (SInv)
You are agile. (Dex +2)
You are highly resistant to hostile enchantments. (MR++)


Message History

You closely miss the orc. You block the orc's attack.
The orc hits you but does no damage.
You closely miss the orc. The orc barely misses you.
You hit the orc but do no damage. You block the orc's attack.
The orc priest calls down the wrath of Beogh upon you.
Beogh smites you!
* * * LOW HITPOINT WARNING * * *
You completely miss the orc. The orc hits you but does no damage.
The orc priest looks braver for a moment.
You barely miss the orc. The orc hits you with a short sword.
* * * LOW HITPOINT WARNING * * *
The orc hits you with a short sword.
* * * LOW HITPOINT WARNING * * *
You feel very mighty all of a sudden.
The orc priest miscasts a cantrip.
You block the orc's attack.
Your shield and scale mail prevent you from hitting the orc.
The orc priest casts a cantrip, but nothing happens.
The orc hits you with a short sword.
You die...

..## .........####
... ####......####..
......####..####....
#.......#### #......
#.#.....######......
#oo...####..####....
#{{o####......####..
#o####(...#.....####
#oo@................
#.##.#.##.##.......#
#.##...##.##.......#
#..)...##..........#
############.......#
#########


You could see an orc priest and 2 orcs.

Vanquished Creatures
  A crimson imp (D:3)
  A worker ant (D:3)
  3 adders
  An ooze (D:1)
  A worm (D:3)
  A dart slug (D:1)
  A leopard gecko (D:2)
  10 bats
  4 giant cockroaches
  6 goblins
  2 hobgoblins
  3 ball pythons
  3 frilled lizards (D:2)
  8 kobolds
  8 rats
53 creatures vanquished.

Notes
Turn   | Place    | Note
-------+----------+-------------------------------------------
     0 | D:1      | Freyura the Formicid Fighter began the quest for the Orb.
     0 | D:1      | Reached XP level 1. HP: 18/18 MP: 1/1
    78 | D:1      | Reached XP level 2. HP: 21/24 MP: 2/2
   186 | D:1      | Reached XP level 3. HP: 25/29 MP: 3/3
   430 | D:1      | Gained mutation: You are dopey. (Int -2) [potion of
                  | mutation]
   430 | D:1      | Gained mutation: You evolve. [potion of mutation]
   431 | D:1      | Lost mutation: You evolve. [potion of mutation]
   431 | D:1      | Lost mutation: You are dopey. (Int -2) [potion of mutation]
   431 | D:1      | Gained mutation: You are resistant to hostile enchantments.
                  | (MR+) [potion of mutation]
   431 | D:1      | Gained mutation: You are agile. (Dex +2) [potion of
                  | mutation]
   431 | D:1      | Gained mutation: You are highly resistant to hostile
                  | enchantments. (MR++) [potion of mutation]
   521 | D:2      | Found a sparkling altar of Nemelex Xobeh.
   594 | D:2      | Found an ancient bone altar of Kikubaaqudgha.
   596 | D:2      | Found a blossoming altar of Fedhas.
   682 | D:2      | Reached XP level 4. HP: 31/37 MP: 4/4
   789 | D:2      | Found a shimmering altar of Xom.
   792 | D:2      | Found a shadowy altar of Dithmenos.
   795 | D:2      | Found a sacrificial altar of Ru.
   966 | D:2      | Became a worshipper of Dithmenos the Shadowed
   997 | D:3      | Found an opulent altar of Gozag.
  1044 | D:3      | Found a radiant altar of Vehumet.
  1044 | D:3      | Found a burning altar of Makhleb.
  1051 | D:3      | Reached XP level 5. HP: 42/42 MP: 5/5
  1136 | D:3      | Reached skill level 1 in Stealth
  1250 | D:3      | Noticed a moth of wrath
  1253 | D:3      | Found a bloodstained altar of Trog.
  1626 | D:3      | HP: 2/42 [orc/short sword (1)]
  1628 | D:3      | Slain by an orc

Skill      XL: |  1  2  3  4  5 |
---------------+----------------+-----
Shields        | 4 |  4.8
Stealth        | 1 |  1.3
Armour         | 4 |  4.0
Fighting       | |  3.9
Staves         | |  2.9
Dodging        | |  0.6
Invocations    | |  0.6

Action                   |  1- 3 |  4- 6 || total
-------------------------+-------+-------++-------
Melee: Quarterstaff      |    88 |    79 ||   167
  Use: Scroll            |     4 |     4 ||     8
       Potion            |     2 |     1 ||     3
  Eat: Ration            |       |     2 ||     2
Armor: Scale mail        |    34 |    26 ||    60
Dodge: Dodged            |    42 |    37 ||    79
Block: Shield            |    72 |    41 ||   113
